NYP
HILLSBORO HOPS @ WILLIAMSPORT CROSSCUTTERS
09/13/2046
 
TOP OF THE 1ST
Hillsboro Hops batting - Pitching for Williamsport Crosscutters : RHP Mokichi Furuta
Pitching: RHP Mokichi Furuta
Batting: SHB Blaine Peters 0-0: Ball
1-0: Ground out 6-3 (Groundball, 6, EV 91.2 MPH)
Batting: LHB Soo-yeon Kym 0-0: Foul Ball, location: 2F
0-1: Ball
1-1: Foul Ball, location: 2F
1-2: Ball
2-2: Ball
3-2: Strikes out swinging
Batting: RHB Wen-hua Lei 0-0: Ball
1-0: Foul Ball, location: 2F
1-1: Swinging Strike
1-2: Ball
2-2: Strikes out swinging
Top of the 1st over - 0 runs, 0 hits, 0 errors, 0 left on base; Hillsboro 0 - Williamsport 0
BOTTOM OF THE 1ST
Williamsport Crosscutters batting - Pitching for Hillsboro Hops : LHP Travis Osorio
Pitching: LHP Travis Osorio
Batting: RHB Josh Mauer 0-0: Foul Ball, location: 2F
0-1: Swinging Strike
0-2: Fly out, F9 (Flyball, 89M, EV 83.8 MPH)
Batting: RHB Marcus Carter 0-0: Ball
1-0: Called Strike
1-1: Called Strike
1-2: Strikes out looking
Batting: RHB Tak-keung Chieu 0-0: Ball
1-0: Ball
2-0: SINGLE (Groundball, 4MD, EV 100.0 MPH)
Batting: RHB Josh Baker 0-0: Called Strike
0-1: Ball
1-1: Ball
2-1: Ground out 5-3 (Groundball, 56, EV 100.0 MPH)
Bottom of the 1st over - 0 runs, 1 hit, 0 errors, 1 left on base; Hillsboro 0 - Williamsport 0
TOP OF THE 2ND
Hillsboro Hops batting - Pitching for Williamsport Crosscutters : RHP Mokichi Furuta
Batting: LHB Dillon Rizzuto 0-0: Ground out 6-3 (Groundball, 4, EV 85.0 MPH)
Batting: RHB Ian Sousa 0-0: Foul Ball, location: 2F
0-1: Ball
1-1: Foul Ball, location: 2F
1-2: Foul Ball, location: 2F
1-2: Ball
2-2: Ball
3-2: Ground out 6-3 (Groundball, 6, EV 85.0 MPH)
Batting: RHB Josh Burrows 0-0: Ball
1-0: Swinging Strike
1-1: Called Strike
1-2: Foul Ball, location: 2F
1-2: Foul Ball, location: 2F
1-2: Strikes out swinging
Top of the 2nd over - 0 runs, 0 hits, 0 errors, 0 left on base; Hillsboro 0 - Williamsport 0
BOTTOM OF THE 2ND
Williamsport Crosscutters batting - Pitching for Hillsboro Hops : LHP Travis Osorio
Batting: LHB Matt Calitri 0-0: Swinging Strike
0-1: Ball
1-1: Foul Ball, location: 2F
1-2: SINGLE (Line Drive, 8LS, EV 93.8 MPH)
Batting: RHB Seth Daniel 0-0: Swinging Strike
0-1: Foul Ball, location: 2F
0-2: Ball
1-2: Ball
2-2: Ball
3-2: Fielders Choice at 2nd, 6-4 (Groundball, 6S, EV 77.5 MPH)
Batting: LHB Brent Dutcher 0-0: Swinging Strike
0-1: Foul Ball, location: 2F
0-2: Ball
1-2: Ball
2-2: Ball
3-2: Grounds into double play, 5-4-3 (Groundball, 56, EV 100.6 MPH)
Bottom of the 2nd over - 0 runs, 1 hit, 0 errors, 0 left on base; Hillsboro 0 - Williamsport 0
TOP OF THE 3RD
Hillsboro Hops batting - Pitching for Williamsport Crosscutters : RHP Mokichi Furuta
Batting: LHB Ivan Cortez 0-0: SINGLE (Line Drive, 4D, EV 95.0 MPH)
Batting: RHB Jeremy Adams 0-0: Called Strike
Ivan Cortez steals 2nd base
0-1: Swinging Strike
0-2: Foul Ball, location: 2F
0-2: Fly out, F9 (Flyball, 9, EV 83.8 MPH)
Batting: RHB Trevor Corey 0-0: Called Strike
0-1: Swinging Strike
0-2: Foul Ball, location: 2F
0-2: Strikes out swinging
Batting: SHB Blaine Peters 0-0: Foul Ball, location: 2F
0-1: Called Strike
0-2: Ball
1-2: Ball
2-2: DOUBLE (Groundball, 5L, EV 110.0 MPH)
Ivan Cortez scores
Batting: LHB Soo-yeon Kym 0-0: Called Strike
0-1: Ball
1-1: Swinging Strike
1-2: Strikes out swinging
Top of the 3rd over - 1 run, 2 hits, 0 errors, 1 left on base; Hillsboro 1 - Williamsport 0
BOTTOM OF THE 3RD
Williamsport Crosscutters batting - Pitching for Hillsboro Hops : LHP Travis Osorio
Batting: SHB Brendan Bundy 0-0: Called Strike
0-1: SINGLE (Line Drive, 56D, EV 98.8 MPH)
Batting: RHB Leon Edwards 0-0: Ball
1-0: Swinging Strike
1-1: Swinging Strike
1-2: Ball
2-2: Ball
3-2: Fielders Choice at 2nd, 4-6 (Groundball, 34, EV 109.4 MPH)
Batting: RHB Josh Mauer 0-0: Grounds into double play, 5-4-3 (Groundball, 15, EV 88.8 MPH)
Bottom of the 3rd over - 0 runs, 1 hit, 0 errors, 0 left on base; Hillsboro 1 - Williamsport 0
TOP OF THE 4TH
Hillsboro Hops batting - Pitching for Williamsport Crosscutters : RHP Mokichi Furuta
Batting: RHB Wen-hua Lei 0-0: Swinging Strike
0-1: Foul Ball, location: 2F
0-2: Foul Ball, location: 2F
0-2: Ball
1-2: Fly out, F6 (Line Drive, 6, EV 63.8 MPH)
Batting: LHB Dillon Rizzuto 0-0: Called Strike
0-1: Fly out, F9 (Line Drive, 89M, EV 96.2 MPH)
Batting: RHB Ian Sousa 0-0: Reached on error, E6 (Groundball, 6, EV 83.8 MPH)
Batting: RHB Josh Burrows 0-0: Ball
1-0: Ball
Wild Pitch!
Ian Sousa to second
2-0: Ball
3-0: Called Strike
3-1: Fly out, F6 (Line Drive, 6, EV 61.9 MPH)
Top of the 4th over - 0 runs, 0 hits, 1 error, 1 left on base; Hillsboro 1 - Williamsport 0
BOTTOM OF THE 4TH
Williamsport Crosscutters batting - Pitching for Hillsboro Hops : LHP Travis Osorio
Batting: RHB Marcus Carter 0-0: Ball
1-0: Ball
2-0: Foul Ball, location: 2F
2-1: Called Strike
2-2: Ball
3-2: Ground out 6-3 (Groundball, 6, EV 82.5 MPH)
Batting: RHB Tak-keung Chieu 0-0: Foul Ball, location: 2F
0-1: SINGLE (Line Drive, 34D, EV 95.0 MPH)
Batting: RHB Josh Baker 0-0: Called Strike
0-1: Called Strike
0-2: Grounds into double play, 5-4-3 (Groundball, 25, EV 83.8 MPH)
Bottom of the 4th over - 0 runs, 1 hit, 0 errors, 0 left on base; Hillsboro 1 - Williamsport 0
TOP OF THE 5TH
Hillsboro Hops batting - Pitching for Williamsport Crosscutters : RHP Mokichi Furuta
Batting: LHB Ivan Cortez 0-0: Swinging Strike
0-1: Ball
1-1: Ground out 4-3 (Groundball, 4, EV 81.9 MPH)
Batting: RHB Jeremy Adams 0-0: Called Strike
0-1: Swinging Strike
0-2: Foul Ball, location: 2F
0-2: Strikes out looking
Batting: RHB Trevor Corey 0-0: Foul Ball, location: 2F
0-1: Swinging Strike
0-2: Strikes out swinging
Top of the 5th over - 0 runs, 0 hits, 0 errors, 0 left on base; Hillsboro 1 - Williamsport 0
BOTTOM OF THE 5TH
Williamsport Crosscutters batting - Pitching for Hillsboro Hops : LHP Travis Osorio
Batting: LHB Matt Calitri 0-0: Ball
1-0: Foul Ball, location: 2F
1-1: Ball
2-1: Foul Ball, location: 2F
2-2: DOUBLE (Line Drive, 7LS, EV 100.0 MPH)
Batting: RHB Seth Daniel 0-0: Called Strike
0-1: Ball
1-1: Foul Ball, location: 2F
1-2: Ball
2-2: Ball
3-2: Ground out U3 (Groundball, 34S, EV 86.9 MPH)
Matt Calitri to third
Batting: LHB Brent Dutcher 0-0: Ground out 5-3 (Groundball, 5, EV 87.5 MPH)
Batting: SHB Brendan Bundy 0-0: Ball
1-0: Ball
2-0: Ball
3-0: Base on Balls
Batting: RHB Leon Edwards 0-0: Called Strike
0-1: Swinging Strike
0-2: Ball
1-2: Ball
2-2: Ball
3-2: Base on Balls
Brendan Bundy to second
Batting: RHB Josh Mauer 0-0: Foul Ball, location: 2F
0-1: Ball
1-1: Ball
2-1: Ball
Wild Pitch!
Matt Calitri scores
Brendan Bundy to third
Leon Edwards to second
3-1: Base on Balls
Batting: RHB Marcus Carter 0-0: Ball
1-0: Swinging Strike
1-1: Ground out 4-3 (Groundball, 4M, EV 86.9 MPH)
Bottom of the 5th over - 1 run, 1 hit, 0 errors, 3 left on base; Hillsboro 1 - Williamsport 1
TOP OF THE 6TH
Hillsboro Hops batting - Pitching for Williamsport Crosscutters : RHP Mokichi Furuta
Batting: SHB Blaine Peters 0-0: Called Strike
0-1: Ball
1-1: Ground out 3-1 (Groundball, 34S, EV 88.8 MPH)
Batting: LHB Soo-yeon Kym 0-0: Ball
1-0: Foul Ball, location: 2F
1-1: Foul Ball, location: 2F
1-2: Strikes out swinging
Batting: RHB Wen-hua Lei 0-0: Called Strike
0-1: Foul Ball, location: 2F
0-2: Ball
1-2: Ball
2-2: Ball
3-2: Ground out 6-3 (Groundball, 6, EV 103.1 MPH)
Top of the 6th over - 0 runs, 0 hits, 0 errors, 0 left on base; Hillsboro 1 - Williamsport 1
BOTTOM OF THE 6TH
Williamsport Crosscutters batting - Pitching for Hillsboro Hops : LHP Travis Osorio
Batting: RHB Tak-keung Chieu 0-0: Called Strike
0-1: Ball
1-1: Ball
2-1: Foul Ball, location: 2F
2-2: Ball
3-2: Base on Balls
Batting: RHB Josh Baker 0-0: Ball
1-0: Ball
2-0: Grounds into double play, 6-4-3 (Groundball, 6, EV 80.6 MPH)
Batting: LHB Matt Calitri 0-0: Foul Ball, location: 2F
0-1: Called Strike
0-2: Ball
1-2: Strikes out swinging
Bottom of the 6th over - 0 runs, 0 hits, 0 errors, 0 left on base; Hillsboro 1 - Williamsport 1
TOP OF THE 7TH
Hillsboro Hops batting - Pitching for Williamsport Crosscutters : RHP Mokichi Furuta
Batting: LHB Dillon Rizzuto 0-0: SOLO HOME RUN (Flyball, 89XD, EV 101.9 MPH), Distance : 425 ft
Batting: RHB Ian Sousa 0-0: Called Strike
0-1: Ball
1-1: TRIPLE (Flyball, 89XD, EV 101.9 MPH)
Batting: RHB Josh Burrows 0-0: Fly out, F6 (Popup, 6M, EV 51.9 MPH)
Batting: LHB Ivan Cortez 0-0: Foul Ball, location: 2F
0-1: Fly out, F8 (Flyball, 8RD, EV 103.8 MPH)
Batting: RHB Jeremy Adams 0-0: Ground out 5-3 (Groundball, 5L, EV 86.2 MPH)
Top of the 7th over - 1 run, 2 hits, 0 errors, 1 left on base; Hillsboro 2 - Williamsport 1
BOTTOM OF THE 7TH
Williamsport Crosscutters batting - Pitching for Hillsboro Hops : LHP Travis Osorio
Now at 1B: Antonio Luisa
Batting: RHB Seth Daniel 0-0: Ball
1-0: Ball
2-0: Ball
3-0: Base on Balls
Pitching: RHP Josh Mott
Batting: LHB Brent Dutcher 0-0: Bunted foul
0-1: Bunted foul
0-2: Ball
1-2: TRIPLE (Line Drive, 7D, EV 110.0 MPH)
Seth Daniel scores
Batting: SHB Brendan Bundy 0-0: Intentional Walk
Batting: RHB Leon Edwards 0-0: Called Strike
Brendan Bundy steals 2nd, throwing error, E2
Brent Dutcher scores
Brendan Bundy to third
0-1: Ball
1-1: Foul Ball, location: 2F
1-2: Strikes out swinging
Batting: RHB Josh Mauer 0-0: Intentional Walk
Batting: RHB Marcus Carter 0-0: Ball
1-0: Swinging Strike
1-1: Called Strike
1-2: Foul Ball, location: 2F
1-2: Foul Ball, location: 2F
1-2: Ball
Josh Mauer steals 2nd, throwing error, E2
Brendan Bundy scores
Josh Mauer to third
2-2: Foul Ball, location: 2F
2-2: Ground out 5-3 (Groundball, 5S, EV 82.5 MPH)
Batting: RHB Tak-keung Chieu 0-0: Intentional Walk
Batting: RHB Josh Baker 0-0: Ball
1-0: Foul Ball, location: 2F
1-1: Foul Ball, location: 2F
1-2: Fly out, F7 (Line Drive, 78D, EV 97.5 MPH)
Bottom of the 7th over - 3 runs, 1 hit, 2 errors, 2 left on base; Hillsboro 2 - Williamsport 4
TOP OF THE 8TH
Hillsboro Hops batting - Pitching for Williamsport Crosscutters : RHP Mokichi Furuta
Batting: RHB Trevor Corey 0-0: Ball
1-0: Swinging Strike
1-1: Swinging Strike
1-2: Ball
2-2: Strikes out swinging
Batting: SHB Blaine Peters 0-0: Ball
1-0: Fly out, F3 (Line Drive, 3, EV 69.4 MPH)
Batting: LHB Soo-yeon Kym 0-0: Ball
1-0: Called Strike
1-1: Ball
2-1: Ball
3-1: Base on Balls
Pitching: RHP Isaiah Felton
Batting: RHB Wen-hua Lei 0-0: Swinging Strike
0-1: Ball
1-1: Foul Ball, location: 2F
1-2: Strikes out looking
Top of the 8th over - 0 runs, 0 hits, 0 errors, 1 left on base; Hillsboro 2 - Williamsport 4
BOTTOM OF THE 8TH
Williamsport Crosscutters batting - Pitching for Hillsboro Hops : RHP Josh Mott
Batting: LHB Matt Calitri 0-0: Called Strike
0-1: Foul Ball, location: 2F
0-2: Strikes out swinging
Batting: RHB Seth Daniel 0-0: Called Strike
0-1: Foul Ball, location: 2F
0-2: Strikes out swinging
Batting: LHB Brent Dutcher 0-0: Foul Ball, location: 2F
0-1: Called Strike
0-2: Ball
1-2: Ball
2-2: Ball
3-2: Base on Balls
Pitching: RHP Ronnie DeAngelo
Batting: SHB Brendan Bundy 0-0: Swinging Strike
0-1: Ball
1-1: Ball
2-1: Ball
3-1: Hit by Pitch
Brent Dutcher to second
Batting: RHB Leon Edwards 0-0: Ball
1-0: Ball
2-0: Ball
3-0: Base on Balls
Brent Dutcher to third
Brendan Bundy to second
Batting: RHB Josh Mauer 0-0: Called Strike
0-1: Foul Ball, location: 2F
0-2: Ball
1-2: Strikes out swinging
Bottom of the 8th over - 0 runs, 0 hits, 0 errors, 3 left on base; Hillsboro 2 - Williamsport 4
TOP OF THE 9TH
Hillsboro Hops batting - Pitching for Williamsport Crosscutters : RHP Isaiah Felton
Batting: LHB Dillon Rizzuto 0-0: Called Strike
0-1: Foul Ball, location: 2F
0-2: Strikes out swinging
Batting: RHB Antonio Luisa 0-0: Ball
1-0: Ball
2-0: Called Strike
2-1: Swinging Strike
2-2: Ground out 6-3 (Groundball, 6, EV 91.9 MPH)
Batting: RHB Josh Burrows 0-0: Swinging Strike
0-1: Swinging Strike
0-2: Strikes out swinging
Top of the 9th over - 0 runs, 0 hits, 0 errors, 0 left on base; Hillsboro 2 - Williamsport 4
Tuesday, September 13th , 2022 - OOTP Baseball 23.7 Build 88